 Dungeon Crawl Stone Soup version 0.23-a0-182-g58cdd98 (webtiles) character file.

163 Derfel the Skirmisher (level 5, -1/47 HPs)
             Began as a Hill Orc Fighter on Sept 26, 2017.
             Slain by a bullfrog (5 damage)
             ... in a sewer on Sept 19, 2018.
             The game lasted 00:13:48 (3434 turns).

Derfel the Skirmisher (Hill Orc Fighter)            Turns: 3434, Time: 00:13:49

Health: -1/47      AC:  7    Str: 25    XL:     5   Next: 44%
Magic:  5/5        EV:  7    Int:  8    God:
Gold:   137        SH: 10    Dex: 10    Spells: 4/4 levels left

rFire    . . .     SeeInvis .   a - +0 war axe
rCold    . . .     Gourm    .   c - +0 shield
rNeg     . . .     Faith    .   b - +0 scale mail
rPois    .         Spirit   .   (no helmet)
rElec    .         Reflect  .   (no cloak)
rCorr    .         Harm     .   (no gloves)
MR       .....                  (no boots)
Stlth    ..........             (no amulet)
HPRegen  0.15/turn              (no ring)
MPRegen  0.09/turn              (no ring)

@: mighty
A: no striking features
a: no special abilities


You were in a sewer.
You were hungry.

You visited 1 branch of the dungeon, and saw 3 of its levels.
You also visited: Sewer.

You collected 137 gold pieces.

Inventory:

Hand Weapons
 a - a +0 war axe (weapon)
 g - a cursed -2 whip
Missiles
 h - 87 stones
 n - 5 tomahawks (quivered)
Armour
 b - a +0 scale mail (worn)
 c - a +0 shield (worn)
Scrolls
 i - 2 scrolls of teleportation {unknown}
 j - a scroll of amnesia {unknown}
 k - 2 scrolls of identify {unknown}
 o - a scroll of remove curse {unknown}
Potions
 e - a potion of mutation {unknown}
 m - a potion of brilliance {unknown}
 p - a potion of magic {unknown}
Comestibles
 f - 4 rations
 q - 6 chunks of flesh


   Skills:
 + Level 4.7 Fighting
 + Level 4.3 Axes
 + Level 4.2 Armour
 + Level 4.4 Shields


You had 4 spell levels left.
You didn't know any spells.
Your spell library was empty.

Dungeon Overview and Level Annotations

Branches:
Dungeon (3/15)

Altars:
Ashenzari
Kikubaaqudgha

Annotations:
D:2 Sigmund


Message History

Your shield and scale mail prevent you from hitting the bullfrog.
The bullfrog is almost dead.
The bullfrog hits you.
* * * LOW HITPOINT WARNING * * *
You block the bullfrog's attack.
Your shield prevents you from hitting the bullfrog.
The bullfrog is almost dead.
You block the bullfrog's attack. The bullfrog closely misses you.
You barely miss the bullfrog.
The bullfrog is almost dead.
The bullfrog barely misses you. You block the bullfrog's attack.
You closely miss the bullfrog.
The bullfrog is almost dead.
The bullfrog hits you.
* * * LOW HITPOINT WARNING * * *
You block the bullfrog's attack. The bullfrog barely misses you.
You miss the bullfrog.
The bullfrog is almost dead.
The bullfrog hits you.
You die...

#.≈≈≈≈#≈≈≈≈∩.≈≈
#≈≈≈≈≈≈≈≈≈...≈≈≈..≈≈≈
#.≈≈≈≈≈≈≈≈≈≈..≈.(..≈≈≈
#≈≈≈≈≈≈≈≈≈≈≈.≈.??(.≈≈≈
#≈≈≈≈≈≈≈≈≈≈≈.≈≈≈).≈≈≈≈
#≈≈≈≈≈≈≈≈≈≈.≈≈≈≈≈≈≈≈≈≈
#.÷≈≈≈≈≈≈≈≈≈..≈≈≈≈≈≈≈≈
#≈≈≈≈†F≈≈≈≈≈≈≈≈≈≈≈≈≈≈≈
#.≈≈≈@≈≈≈≈≈≈≈≈≈≈≈≈≈≈≈≈
#.≈≈≈≈..≈≈≈≈≈≈≈≈≈≈....
#.≈≈≈≈≈≈≈≈≈≈≈≈≈≈≈≈≈≈≈≈
#.≈≈≈≈≈≈≈≈≈≈≈≈≈≈≈≈≈≈≈≈
#..≈≈≈≈≈≈≈≈≈≈≈≈≈≈≈≈≈≈≈
##....................
#####################
# ########


You could see a bullfrog.

Vanquished Creatures
  A bullfrog (Sewer)
  An ooze (D:1)
  A worm (D:3)
  7 leopard geckos
  5 ball pythons (Sewer)
  4 bats
  13 giant cockroaches
  7 goblins
  5 hobgoblins
  13 jackals
  5 kobolds
  6 frilled lizards
  8 rats
76 creatures vanquished.

Notes
Turn   | Place    | Note
-------+----------+-------------------------------------------
     0 | D:1      | Derfel the Hill Orc Fighter began the quest for the Orb.
     0 | D:1      | Reached XP level 1. HP: 19/19 MP: 1/1
    57 | D:1      | Upgraded the game from 0.21-a0-286-g6fcecc0 to
                  | 0.22-a0-76-gd698a02
    79 | D:1      | Upgraded the game from 0.22-a0-76-gd698a02 to
                  | 0.22-a0-284-g99d1f74
    84 | D:1      | Reached XP level 2. HP: 25/27 MP: 2/2
   346 | D:1      | Reached XP level 3. HP: 33/33 MP: 3/3
   972 | D:2      | Found a shattered altar of Ashenzari.
  1113 | D:2      | Noticed Sigmund
  2687 | D:3      | Reached XP level 4. HP: 37/40 MP: 4/4
  2813 | D:3      | Found an ancient bone altar of Kikubaaqudgha.
  3002 | D:3      | Found a glowing drain.
  3006 | Sewer    | Entered a sewer
  3410 | Sewer    | Noticed a bullfrog
  3410 | Sewer    | Noticed a bullfrog
  3427 | Sewer    | Killed a bullfrog
  3427 | Sewer    | Reached XP level 5. HP: 9/47 MP: 5/5
  3434 | Sewer    | Slain by a bullfrog

Vault maps used:
D:1:      dpeg_arrival_ternary, chequers_big_river
D:2:      ashenzari_altar_1, first_ration, uniq_sigmund
D:3:      marbit_many_paths, gup_sewer_entry_spiral, dk_yredelemnul_ordeal
Sewer:    sewer_frog_island_01

Skill      XL: |  1  2  3  4 |
---------------+-------------+-----
Axes           | 3 4 |  4.3
Fighting       | 4 |  4.7
Shields        | 4 |  4.4
Armour         | 4 |  4.2

Action                   |  1- 3 |  4- 6 || total
-------------------------+-------+-------++-------
Melee: War axe           |   165 |   152 ||   317
Throw: Tomahawk          |       |     6 ||     6
  Use: Potion            |       |     4 ||     4
  Eat: Chunk             |     2 |     3 ||     5
       Ration            |     1 |       ||     1
Armor: Scale mail        |    91 |    79 ||   170
Dodge: Dodged            |    59 |    54 ||   113
Block: Shield            |    94 |    98 ||   192

Table legend:
 A = Non-vault XP
 B = Vault XP
 C = Vault XP percentage of total XP
 D = Non-vault monster count
 E = Vault monster count
 F = Vault count percentage of total count
                 A         B        C        D         E       F
            +---------+---------+-------+---------+---------+-------
      Total |      90 |     143 |  61.4 |      48 |      28 |  36.8
            +---------+---------+-------+---------+---------+-------
        D:1 |      55 |       0 |   0.0 |      28 |       0 |   0.0
        D:2 |      22 |       0 |   0.0 |      13 |       0 |   0.0
        D:3 |      13 |      18 |  58.1 |       7 |       9 |  56.2
      Sewer |       0 |     125 | 100.0 |       0 |      19 | 100.0
            +---------+---------+-------+---------+---------+-------
